 Dungeon Crawl Stone Soup version 0.17.1-3-g152610e (webtiles) character file.

195 urm the Ducker (level 5, -5/41 HPs)
             Began as a Vampire Monk on Feb 20, 2016.
             Was a Believer of Sif Muna.
             Shot with an arrow by a centaur (9 damage)
             ... on level 5 of the Dungeon.
             The game lasted 00:49:47 (4308 turns).

urm the Ducker (Vampire Monk)                       Turns: 4308, Time: 00:49:47

Health: -5/41      AC: 15    Str: 10    XL:     5   Next: 45%
Magic:  7/7        EV: 10    Int: 14    God:    Sif Muna [**....]
Gold:   182        SH:  0    Dex: 16    Spells: 2 memorised, 5 levels left

rFire  . . .     SeeInvis +     v - +1 dagger (protect)
rCold  + . .     Clarity  .     p - +0 scale mail
rNeg   + + .     SustAt   .     (no shield)
rPois  +         Gourm    +     w - +0 helmet
rElec  .         Spirit   .     F - +0 cloak
rCorr  .         Warding  .     K - +1 pair of gloves
rMut   .         Stasis   .     (no boots)
MR     .....                    L - amulet of the gourmand
Stlth  ++........               (no ring)
                                (no ring)

@: regenerating slowly, not resistant to hostile enchantments, unstealthy
A: fangs 3, see invisible, unbreathing
a: Bat Form, Channel Energy, Forget Spell, Renounce Religion


You were on level 5 of the Dungeon.
You worshipped Sif Muna.
Sif Muna was pleased with you.
You were thirsty.

You visited 1 branch of the dungeon, and saw 5 of its levels.

You collected 182 gold pieces.

Inventory:

Hand Weapons
 o - a +1 hunting sling of flaming
 t - a +0 whip of venom
 v - a +1 dagger of protection (weapon)
 N - a +0 hunting sling
Missiles
 c - 81 stones
 e - 11 poisoned needles
 k - 26 bolts
 l - 26 sling bullets
 m - 4 needles of sleeping
 n - 114 arrows
 J - a throwing net
 O - 4 javelins (quivered)
Armour
 a - a +0 robe
 h - a +0 robe
 i - a +0 ring mail
 p - a +0 scale mail (worn)
 s - a +2 naga barding
 w - a +0 helmet (worn)
 C - a +0 leather armour
 F - a +0 cloak (worn)
 K - a +1 pair of gloves (worn)
Jewellery
 L - an amulet of the gourmand (around neck)
Wands
 d - a wand of magic darts (26)
Scrolls
 g - a scroll of identify
 j - 3 scrolls of recharging {unknown}
 x - a scroll of remove curse {unknown}
 D - a scroll of fog
Potions
 q - a potion of poison {unknown}
 z - 4 potions of blood
Books
 b - a book of Air

   Spells                             Type                      Level
   a - Shock                          Conjuration/Air              1
   b - Swiftness                      Charms/Air                   2
   c - Repel Missiles                 Charms/Air                   2
   d - Static Discharge               Conjuration/Air              3
   e - Lightning Bolt                 Conjuration/Air              5
 A - a book of the Dragon

   Spells                             Type                      Level
   a - Flame Tongue                   Conjuration/Fire             1
   b - Cause Fear                     Hexes                        4
   c - Bolt of Fire                   Conjuration/Fire             6
   d - Dragon Form                    Transmutation                7
   e - Dragon's Call                  Summoning                    9
Comestibles
 f - 5 bread rations
 r - 2 meat rations


   Skills:
 + Level 3.0 Fighting
 + Level 0.4 Short Blades
 + Level 0.2 Maces & Flails
 * Level 1.7 Armour
 * Level 4.8 Dodging
 * Level 4.0 Stealth
 - Level 4.3 Unarmed Combat
 * Level 1.9 Spellcasting
 + Level 0.1 Conjurations


You had 5 spell levels left.
You knew the following spells:

 Your Spells              Type           Power        Failure   Level  Hunger
a - Shock                 Conj/Air       #...         98%         1    ##.....
b - Flame Tongue          Conj/Fire      #....        98%         1    ##.....


Dungeon Overview and Level Annotations

Branches:
Dungeon (5/15)
 Temple: D:4-7

Altars:
Ru
Sif Muna

Shops:
D:4 [


Innate Abilities, Weirdness & Mutations

You heal slowly.
You have razor-sharp teeth.
You have supernaturally acute eyesight.
You can survive without breathing.


Message History

There is a deep blue altar of Sif Muna here.
You offer a prayer to Sif Muna.
Sif Muna is pleased with you.
There is an open door here.
There is a stone staircase leading down here.
You climb downwards.
A centaur comes into view.
The centaur shouts!
There is a stone staircase leading up here.
The centaur wields a shortbow.
The centaur shoots an arrow.
The arrow hits you.
* * * LOW HITPOINT WARNING * * *
You see here an arrow.
The centaur shoots an arrow.
The arrow misses you.
You see here an arrow.
A sky beast comes into view.
The centaur shoots an arrow.
The arrow barely misses you.
You see here an arrow.
The centaur shoots an arrow.
The arrow hits you but does no damage.
The centaur shoots an arrow.
The arrow hits you!
You die...

# .## ...# #...#
############....#
#..c.<(.((......#
....########@##...#
# #........
...Y#.##. .###...
.. .... .. .....?
.## #.... ## ####


You could see a sky beast and a centaur.

Vanquished Creatures
  A giant frog skeleton (D:4)
  A worker ant (D:4)
  Robin (D:2)
  4 adders
  An ooze (D:1)
  2 worms
  2 giant geckos (D:4)
  9 orcs
  A ball python (D:3)
  3 bats (D:2)
  6 giant cockroaches
  5 hobgoblins
  6 jackals
  3 quokkas
  3 giant newts
  9 goblins
  11 kobolds
  5 rats
  A plant (D:3)
74 creatures vanquished.

Notes
Turn   | Place    | Note
--------------------------------------------------------------
     0 | D:1      | urm the Vampire Monk began the quest for the Orb.
     0 | D:1      | Reached XP level 1. HP: 17/17 MP: 1/1
   340 | D:1      | Reached XP level 2. HP: 20/23 MP: 2/2
   640 | D:2      | Reached skill level 1 in Spellcasting
   685 | D:2      | Reached XP level 3. HP: 9/28 MP: 4/4
  1249 | D:2      | Noticed Robin
  1269 | D:2      | Killed Robin
  1356 | D:2      | Reached XP level 4. HP: 26/34 MP: 6/6
  1524 | D:3      | Learned a level 1 spell: Shock
  1749 | D:3      | Learned a level 1 spell: Flame Tongue
  1807 | D:3      | Reached skill level 1 in Armour
  2038 | D:3      | Found a sacrificial altar of Ru.
  2714 | D:4      | Noticed an ogre
  2948 | D:4      | Found Laj Weloemue's Armour Emporium.
  3306 | D:4      | Reached XP level 5. HP: 30/40 MP: 5/7
  3407 | D:4      | Found a deep blue altar of Sif Muna.
  3619 | D:4      | Became a worshipper of Sif Muna the Loreminder
  3619 | D:4      | Reached * piety under Sif Muna
  3619 | D:4      | Reached ** piety under Sif Muna
  4175 | D:4      | Found a deep blue altar of Sif Muna.
  4302 | D:5      | Entered Level 5 of the Dungeon
  4302 | D:5      | Noticed a centaur
  4306 | D:5      | Noticed a sky beast
  4308 | D:5      | Shot with an arrow by a centaur

Action                   |  1- 3 |  4- 6 || total
-------------------------+-------+-------++-------
Melee: Club              |    22 |       ||    22
       Unarmed           |    11 |       ||    11
       Whip              |    68 |       ||    68
       Short sword       |    49 |       ||    49
       Dagger            |     2 |   298 ||   300
       Hunting sling     |       |    11 ||    11
       Scimitar          |       |     8 ||     8
 Cast: Shock             |       |     1 ||     1
 Abil: End Transformatio |     1 |       ||     1
       Bat Form          |     1 |       ||     1
Evoke: Wand              |       |     4 ||     4
  Use: Scroll            |     2 |     9 ||    11
       Potion            |     1 |     7 ||     8
 Stab: Sleeping          |     4 |     4 ||     8
